 Dungeon Crawl Stone Soup version 0.30.1-9-gdf580d7c3d (webtiles) character file.

Game seed: 7279808997862280457

35 Ivernyr the Shield-Bearer (level 3, -2/29 HPs)
             Began as a Formicid Fighter on Oct 5, 2023.
             Slain by an orc wizard
             ... wielding a +0 dagger
              (3 damage)
             ... on level 1 of the Dungeon.
             The game lasted 00:02:30 (972 turns).

Ivernyr the Shield-Bearer (Formicid Fighter)         Turns: 972, Time: 00:02:31

Health: -2/29      AC:  6    Str: 22    XL:     3   Next: 52%
Magic:  3/3        EV:  9    Int:  7    God:
Gold:   27         SH:  5    Dex: 13    Spells: 2/2 levels left

rFire   . . .        a - +0 quarterstaff
rCold   . . .        c - +0 buckler
rNeg    . . .        b - +0 scale mail
rPois   .            (helmet unavailable)
rElec   .            (no cloak)
rCorr   .            (no gloves)
SInv    +            (no boots)
Will    .....        (no amulet) Stlth
                     (no ring)
HPRegen 0.24/turn    (no ring)
MPRegen 0.08/turn

%: no passive effects
@: no status effects
A: permanent stasis, dig shafts and tunnels, antennae 3, four strong arms
a: Dig, Shaft Self


You were on level 1 of the Dungeon.
You visited 1 branch of the dungeon, and saw 2 of its levels.

You collected 27 gold pieces.

Inventory:

Hand Weapons
 a - a +0 quarterstaff (weapon)
Armour
 b - a +0 scale mail (worn)
 c - a +0 buckler (worn)
Scrolls
 e - a scroll of identify {unknown}
Potions
 d - a potion of might
 f - a potion of brilliance {unknown}


   Skills:
 - Level 3.2 Fighting
 + Level 3.6 Staves
 - Level 3.2 Armour
 - Level 4.0 Shields


You had 2 spell levels left.
You didn't know any spells.
Your spell library was empty.

Dungeon Overview and Level Annotations

Branches:
Dungeon (2/15)

Altars:


Innate Abilities, Weirdness & Mutations

You cannot be hasted, slowed, berserked, paralysed or teleported.
You can dig through walls and to a lower floor.
You have a pair of large antennae on your head. (SInv)
Your four strong arms can wield two-handed weapons with a shield.


Message History

The puff of flame hits you but does no damage.
You closely miss the orc wizard.
The orc wizard is almost dead.
The orc wizard hits you but does no damage.
You hit the orc wizard but do no damage.
The orc wizard is almost dead.
You block the orc wizard's attack.
You hit the orc wizard but do no damage.
The orc wizard is almost dead.
The orc wizard casts a spell at you.
You are confused.
You miss the orc wizard.
The orc wizard is almost dead.
The orc wizard closely misses you.
You're too confused to move!
The orc wizard barely misses you.
The orc wizard attacks as you move away!
The orc wizard closely misses you.
You miss the orc wizard.
The orc wizard is almost dead.
The orc wizard hits you with a +0 dagger.
* * * LOW HITPOINT WARNING * * *
The orc wizard hits you but does no damage.
The orc wizard attacks as you move away!
The orc wizard hits you with a +0 dagger.
* * * LOW HITPOINT WARNING * * *
The orc wizard gestures at you while chanting.
You are more confused.
You bump into the rock wall.
You bump into the rock wall.
You bump into the rock wall.
You feel less confused.
You closely miss the orc wizard.
The orc wizard is almost dead.
The orc wizard points at you and mumbles some strange words.
The magic dart hits you.
* * * LOW HITPOINT WARNING * * *
You barely miss the orc wizard.
The orc wizard is almost dead.
The orc wizard hits you with a +0 dagger.
You die...

..........#.##..####.##.## #†##.#
###.#....................###.##.#
#.###...#..#.#####..#.........#
###.####.##..#.# #..............
...............####.#.##..##.###.
###.####.##.........#........# #.
#.# #......####..#........# #.
#.# #####..####..#........# #.
#.# ######..>.@o...........# #.
#.###...##.######.#.......## #.
#.....#........o..#......># #.
#####...##....[..o........# ##
#######################


You could see an orc wizard (invisible).

Vanquished Creatures
  2 dart slugs (D:1)
  An orc (D:1)
  4 bats
  3 endoplasms (D:1)
  A giant cockroach (D:1)
  3 goblins
  3 hobgoblins (D:1)
  3 kobolds
  A quokka (D:1)
  A ball python (D:1)
  A frilled lizard (D:1)
  3 rats (D:1)
26 creatures vanquished.

Notes
Turn   | Place    | Note
-------+----------+-------------------------------------------
     0 | D:1      | Ivernyr the Formicid Fighter began the quest for the Orb.
     0 | D:1      | Reached XP level 1. HP: 18/18 MP: 1/1
   163 | D:1      | Reached XP level 2. HP: 24/24 MP: 2/2
   524 | D:1      | Reached XP level 3. HP: 29/29 MP: 3/3
   971 | D:1      | HP: 1/29 [orc wizard/magic dart (5)]
   972 | D:1      | Slain by an orc wizard

Illustrated notes

Levels and vault maps discovered:
D:1:      nicolae_arrival_somewhat_less_tricky_arrival, layout_loops_ring
D:2:      layout_loops_corners

Skill      XL: |  1  2 |
---------------+-------+-----
Staves         | 3 |  3.6
Fighting       | |  3.2
Armour         | |  3.2
Shields        | |  4.0

Action                     || total
---------------------------++-------
  Melee: Quarterstaff      ||    80
 Armour: Scale mail        ||    45
  Dodge: Dodged            ||    34
  Block: Buckler           ||    19
